cohdb
Replays
Latest Replays
All Replays
Popular Replays
Top Player Replays
Match Explorer
How It Works
Community
CoH3 Stats
Reddit
Sign in to upload your games and track your stats! →
Sign in with Steam
Match 45776256
Unlisted
Match 45776256
Overview
Messages
Build Orders
End
Panzergrenadier Squad
Selects Panzerjäger Kommand Battlegroup
Selects Blockade Equipment
Panzergrenadier Squad
Panzergrenadier Squad
Construct Light Support Kompanie
Selects GrB 39 Grenade Launcher Requisition
2.5-tonne Medical Truck
Combat Half-tracks
Assault Mechanized Group
Selects Defensive Positions
Assault Grenadier Squad
Fire Support Elements
Panzerjäger Squad
Panzerjäger Squad
Assault Grenadier Squad
Selects Butterfly Bomb Drop
Butterfly Bomb Drop
Construct Panzerarmee Kommand
Selects Crew Shock Tactics
Armored Reserves
Veexx
爸爸
hzyybzc
Chilogo Joe
Mumbles
NSR
Field marshal Prince
PANDA-P
0
0
Comments
sign in to comment!
No comments posted yet!